AoeStats
← miaousyo

Arena

510284176Analyzed
2v2 RM · 2d ago on Sep 30, 2026· 33m 35s· 4 players
Game mode
Random Map
Map size
Medium (4 player)
Population
200
Speed
Normal
Resources
Standard
Victory
Conquest
Starting age
Dark Age
Ending age
Imperial Age
RankedLock teamsTeams togetherTeam positionsShared explorationLock speedFull tech treeHidden civsTurbo modeCheats
Victory
Defeat
🇩🇪 Armenians · Germany
914
+17
🇳🇿 Franks · New Zealand
897
+17
🇫🇷 Byzantines · France
969
-19
🇫🇷 Cumans · France
883
-15
samtheinventor
11:57 Feudal Age
17:21 Castle Age
15:32 Double-Bit Axe
15:52 Stone Mining
17:54 Scale Barding Armor
23:40 Loom
24:14 Bow Saw
24:07 Gold Mining
25:23 Chain Barding Armor
26:30 Wheelbarrow
26:27 Ballistics
26:36 Squires
26:45 Husbandry
28:31 Forging
29:52 Hand Cart
30:23 Gold Shaft Mining
29:13 Pikeman
31:36 Town Watch
36:04 Imperial Age
33:37 Town Patrol
Tuturuu421
2:10 Loom
11:17 Feudal Age
14:10 Horse Collar
18:31 Castle Age
16:31 Pikeman
17:22 Double-Bit Axe
17:39 Stone Mining
21:06 Gold Mining
24:11 Halberdier
30:31 Imperial Age
28:46 Wheelbarrow
28:55 Squires
28:40 Arson
29:01 Scale Mail Armor
29:24 Caravan
29:40 Heavy Plow
29:59 Forging
31:35 Fereters
30:52 Man-at-Arms
31:17 Gambesons
31:23 Gambesons
32:08 Fletching
32:41 Long Swordsman
33:56 Padded Archer Armor
34:32 Iron Casting
a-pb
11:11 Feudal Age
14:55 Castle Age
13:28 Double-Bit Axe
13:39 Horse Collar
17:12 Heavy Plow
18:01 Bow Saw
26:37 Imperial Age
25:38 Scale Barding Armor
27:14 Chain Barding Armor
27:31 Wheelbarrow
26:43 Loom
31:08 Two-Man Saw
30:40 Crop Rotation
32:01 Hand Cart
miaousyo
11:14 Feudal Age
13:58 Double-Bit Axe
19:56 Castle Age
19:08 Horse Collar
21:57 Padded Archer Armor
23:04 Pikeman
27:22 Forging
30:58 Stone Mining
Connection lost

Rejoining the realm…

Still unreachable

The connection could not be restored.

Session expired

The server has moved on; the page needs a fresh start.